 Dungeon Crawl Stone Soup version 0.30-b1-2-g02819fbbbe (webtiles) character file.

Game seed: 10266157949155901228

537866 Gartch the Minotaur Porcupine (level 24, -27/364 HPs)
             Began as a Minotaur Berserker on Dec 14, 2023.
             Was an Elder of Trog.
             Annihilated by a golden dragon (29 damage)
             ... on level 1 of the Realm of Zot on Dec 30, 2023.
             The game lasted 09:34:18 (64687 turns).

Gartch the Minotaur Porcupine (Minotaur Berserker) Turns: 64687, Time: 09:34:18

Health: -27/364    AC: 32    Str: 40    XL:     24   Next: 64%
Magic:  10/10      EV:  2    Int:  4    God:    Trog [****..]
Gold:   3192       SH:  0    Dex: 10    Spells: 23/23 levels left

rFire   + . .        b - +9 bardiche (antimagic)
rCold   . . .        (shield currently unavailable)
rNeg    . . .        D - melded +19 crystal plate armour of Ugibleh {Contam Will+ Stlth+}
rPois   +            (helmet currently unavailable)
rElec   +            k - melded +2 cloak {rPois}
rCorr   .            (gloves currently unavailable)
SInv    .            U - melded +2 pair of boots {rampage}
Will    +++..        G - amulet of Vitality {RegenMP++ Regen++}
Stlth   +            Y - ring of protection from fire
HPRegen 3.40/turn    r - ring "Bosyq" {rElec MP+9 Str+6}
MPRegen 0.92/turn

%: no passive effects
@: lethally poisoned (-27 -> -27), tree-form, strong-willed, on berserk
cooldown, regenerating, slowed, studying 2 skills, very slow
A: stationary, stasis, torment immunity, boosted hp, (horns 2), (retaliatory
headbutt)
}: 3/15 runes: decaying, serpentine, silver
a: Renounce Religion, Berserk, Trog's Hand, Brothers in Arms


You were on level 1 of the Realm of Zot.
You worshipped Trog.
Trog was greatly pleased with you.
You were a tree.
You visited 9 branches of the dungeon, and saw 43 of its levels.
You also visited: Wizlab.

You collected 7338 gold pieces.
You spent 4146 gold pieces at shops.

Inventory:

Hand Weapons
 a - the +8 spear "Dipn" {protect, SInv}
   (You found it on level 4 of the Dungeon)

   SInv:      It lets you see invisible.
 b - a +9 antimagic bardiche (weapon)
 I - a +4 glaive of flaming
 M - the +7 halberd of Infinite Pain {spect, Fly rF- rC+++ rN+}
   (You took it off a frost giant on level 2 of the Depths)

   rF:        It makes you vulnerable to fire.
   rC:        It renders you almost immune to cold.
   rN:        It protects you from negative energy.
   Fly:       It grants you flight.
 O - a +4 glaive of freezing
Missiles
 t - 8 throwing nets (quivered)
Armour
 k - a +2 cloak of poison resistance (melded)
 x - a +1 pair of boots of flying
 D - the +19 crystal plate armour of Ugibleh (melded) {Contam Will+ Stlth+}
   (You acquired it on level 4 of the Swamp)

   Contam:    It causes magical contamination when unequipped.
   Will:      It increases your willpower.
   Stlth:     It makes you more stealthy.
 U - a +2 pair of boots of rampaging (melded)
Jewellery
 h - the amulet of Vassyqat {Acrobat Fragile rN+ Regen+ rCorr}
   (You took it off a vault sentinel on level 5 of the Vaults)

   [amulet of the acrobat]

   It increases your evasion while moving and waiting.
   rN:        It protects you from negative energy.
   Regen:     It increases your rate of health regeneration.
   rCorr:     It protects you from acid and corrosion.
   Fragile:   It will be destroyed if unequipped.
 m - a ring of protection from cold
 r - the ring "Bosyq" (right branch) {rElec MP+9 Str+6}
   (You bought it in a shop on level 1 of the Depths)

   [ring of strength]

   Str:       It affects your strength (+6).
   rElec:     It insulates you from electricity.
   MP:        It affects your magic capacity (+9).
 w - the ring "Micwiala" {MP-9 EV+5 Str+2 Int+3}
   (You took it off a yaktaur captain on level 5 of the Vaults)

   [ring of evasion]

   EV:        It affects your evasion (+5).
   Str:       It affects your strength (+2).
   Int:       It affects your intelligence (+3).
   MP:        It affects your magic capacity (-9).
 C - the ring of Balance {rElec rPois rC- Int+3}
   (You found it on level 3 of the Vaults)

   [ring of poison resistance]

   Int:       It affects your intelligence (+3).
   rC:        It makes you vulnerable to cold.
   rElec:     It insulates you from electricity.
   rPois:     It protects you from poison.
 G - the amulet of Vitality (around neck) {RegenMP++ Regen++}
   (You bought it in a shop on level 1 of the Orcish Mines)

   [amulet of magic regeneration]

   It increases your rate of magic regeneration.
   Regen:     It increases your rate of health regeneration.
 S - the ring "Emyn" {Fly rC+ rCorr Int+2}
   (You bought it in a shop on level 1 of the Depths)

   [ring of protection from cold]

   Int:       It affects your intelligence (+2).
   rC:        It protects you from cold.
   Fly:       It grants you flight.
   rCorr:     It protects you from acid and corrosion.
 Y - a ring of protection from fire (left branch)
 Z - a ring of positive energy
Wands
 e - a wand of flame (59)
 l - a wand of digging (21)
 n - a wand of mindburst (9)
 o - a wand of quicksilver (39)
 A - a wand of roots (45)
 E - a wand of charming (36)
 K - a wand of polymorph (22)
Scrolls
 c - 6 scrolls of silence
 f - 9 scrolls of poison
 j - 12 scrolls of magic mapping
 v - 10 scrolls of fear
 y - 6 scrolls of enchant armour
 F - a scroll of acquirement
 P - 12 scrolls of fog
 Q - 2 scrolls of summoning
 R - 20 scrolls of identify
 V - 7 scrolls of teleportation
Potions
 g - 24 potions of curing
 i - 9 potions of haste
 p - 6 potions of cancellation
 q - 6 potions of lignification
 s - 6 potions of resistance
 z - 9 potions of mutation
 J - 8 potions of invisibility
 L - 3 potions of berserk rage
 N - 5 potions of might
 W - 5 potions of attraction
 X - 3 potions of ambrosia
Miscellaneous
 u - a tin of tremorstones (2/2)
 H - a box of beasts
 T - a phial of floods


   Skills:
 + Level 25.5 Fighting
 - Level 6.1(18.9) Axes
 O Level 27 Polearms
 + Level 25.2 Armour
 + Level 23.5 Dodging
 * Level 12.7 Evocations


You had 23 spell levels left.
You didn't know any spells.
Your spell library was empty.

Dungeon Overview and Level Annotations

Branches:
Dungeon (15/15)            Temple (0/1) D:6            Lair (5/5) D:11
  Swamp (4/4) Lair:3        Snake (4/4) Lair:2        Slime (0/5) Lair:5
    Orc (2/2) D:9             Elf (3/3) Orc:2        Vaults (5/5) D:14
  Crypt (0/3) Vaults:2     Depths (4/4) D:15            Zot (1/5) Depths:4
 WizLab (visited)

Altars:
Cheibriados
Elyvilon
Fedhas
Gozag
Hepliaklqana
Kikubaaqudgha
Nemelex Xobeh
Qazlal
Ru
Sif Muna
Trog
Uskayaw
Vehumet
Wu Jian
Yredelemnul
Zin
The Shining One

Shops:
Orc:1 =   Orc:2 [([(   Elf:2 [   Snake:1 :=:   Snake:3 (   Vaults:1 [
Vaults:2 (   Depths:1 ?==   Depths:3 =

Portals:
Hell: Depths:1 Depths:2 Depths:3 Depths:4
Abyss: Depths:2 Depths:3 Depths:4
Pandemonium: Depths:2
Ziggurat: Depths:2
Trove: D:12 (lose all piety)

Annotations:
Vaults:4 exclusion: 2 downstairs
Depths:3 2 transporters
Depths:4 3 runed translucent doors, exclusion: 3 doors, Gaezyank's ghost, master GrEE


Innate Abilities, Weirdness & Mutations

You are a tree.
Your roots penetrate the ground, keeping you stationary.
You cannot be teleported.
You are immune to unholy pain and torment.
Your maximum health is greatly increased.
Your equipment is partially melded.
((You have a pair of horns on your head.))
((You reflexively headbutt those who attack you in melee.))


Message History

The death drake misses you.
You hear a roar!
Press: ? - help, v - describe, . - travel
Here: a purple draconian shifter, wielding a +4 short sword and wearing a +0 cloak The floor.
Okay, then.
Unknown command.
Okay, then.
You feel much better.
You feel very sick. The death cob closely misses you.
The death drake bites you.
* * * LOW HITPOINT WARNING * * *
The death cob hits you!!
* * * LOW HITPOINT WARNING * * *
The moth of wrath bites you.
* * * LOW HITPOINT WARNING * * *
The golden dragon bites you!!
* * * LOW HITPOINT WARNING * * *
The golden dragon completely misses you.
The golden dragon closely misses you.
The death drake bites you but does no damage.
The death cob hits you!
* * * LOW HITPOINT WARNING * * *
The death cob drains your vigour!
You feel yourself slow down.
Really quaff the potion of lignification?
You turn into a tree.
Your +2 cloak of poison resistance melds into your body.
Your +2 pair of boots of rampaging melds into your body.
The +19 crystal plate armour of Ugibleh {Contam Will+ Stlth+} melds into your body.
You no longer feel resistant to poison.
You no longer feel able to rampage towards enemies.
Your roots penetrate the ground.
You feel strangely stable.
You feel sick. The death cob hits you!
* * * LOW HITPOINT WARNING * * *
The death cob drains your vigour!
You feel as though you will be slow longer.
The death drake bites you.
* * * LOW HITPOINT WARNING * * *
The golden dragon bites you!!
You die...

#.....§# # #...
#......# #
#...##......###
#
#....!........#
#
#...X..dd.....#
# ......d.....#
# ...d..........
#
.##ykz.y........
#q♣Dq..$......
###y..########
#....# .....#
....# .....#
....... .......


You could see a tentacled monstrosity, a golden dragon (berserk), 2 draconians,
2 draconians, a purple draconian shifter, a death cob, a white draconian
stormcaller, a death drake (summoned, berserk) and 3 moths of wrath.

Vanquished Creatures
  A dread lich (Vaults:5)
  Mara (Vaults:2)
  Josephina (Depths:2)
  Frederick (Vaults:2)
  4 golden dragons
  A bone dragon (Depths:4)
  Cloud Mage (WizLab)
  8 tentacled monstrosities
  Mlioglotl (Swamp:3)
  9 titans
  2 walking earthen tomes
  A walking frostbound tome (Depths:2)
  The ghost of xelsha the Severer, an adept HOAE of Cheibriados (Swamp:4)
  A deep elf master archer (Elf:3)
  2 deep elf blademasters (Elf:3)
  Asterion (Vaults:3)
  2 quicksilver dragons (Vaults:5)
  A death cob (Zot:1)
  A walking divine tome (Depths:1)
  An ancient champion (Depths:4)
  2 sphinxes
  8 tengu reavers
  6 storm dragons
  5 shadow dragons
  Donald (Elf:2)
  4 nagarajas
  A rockslime (shapeshifter) (Vaults:5)
  A draconian monk (Depths:4)
  9 frost giants
  8 fire giants
  11 deep elf sorcerers
  13 vault wardens
  A draconian scorcher (Depths:4)
  Aizul (Snake:4)
  Louise (Depths:1)
  4 iron dragons
  A ghoul (Swamp:4)
  4 deep elf elementalists (Elf:3)
  2 balrugs
  2 orc warlords
  5 war gargoyles
  A draconian stormcaller (Depths:4)
  26 very ugly things
  A green draconian (Depths:4)
  4 spriggan defenders
  24 ironbound preservers
  19 stone giants
  5 deep elf demonologists
  5 ironbound thunderhulks
  2 black draconians
  4 bunyips
  3 eleionomae
  5 vampire knights
  A white draconian (Depths:4)
  10 deep elf annihilators
  A red draconian (Depths:4)
  6 dire elephants
  A yellow draconian (Depths:4)
  6 spark wasps
  3 blizzard demons
  2 shambling mangroves (Swamp:4)
  3 deep elf death magi (Elf:3)
  11 fire dragons
  An entropy weaver (shapeshifter) (Elf:3)
  8 ettins
  2 crystal guardians (Vaults:3)
  8 deep elf high priests
  3 great orbs of eyes
  2 salamander tyrants (Snake:4)
  39 vault guards
  5 peacekeepers
  22 hydras
  A hell beast (Depths:4)
  20 yaktaur captains
  7 ghost crabs (WizLab)
  4 rakshasas
  2 ogre magi
  8 ice dragons
  A merfolk avatar (Lair:5)
  Erica (D:10)
  7 ironbound frosthearts
  8 spriggan air magi
  3 catoblepae
  3 boulder beetles
  A spriggan skeleton (Depths:1)
  17 anacondas
  25 dancing weapons
  11 death yaks (Lair:4)
  7 two-headed ogres
  8 deep troll shamans
  10 centaur warriors
  21 naga warriors
  4 alligators
  14 deep troll earth magi
  A boulder beetle (shapeshifter) (Depths:2)
  11 naga sharpshooters
  4 tengu warriors
  12 shock serpents
  A shock serpent (shapeshifter) (Depths:4)
  5 orc high priests
  7 hell knights
  29 deep elf knights
  12 iron trolls
  12 spriggan berserkers
  2 skysharks (Lair:5)
  8 salamander mystics
  5 skeletal warriors (D:15)
  5 goliath frogs
  3 glowing orange brains (Depths:4)
  A shadow wraith (Vaults:5)
  2 spriggan druids
  3 flayed ghosts
  2 death drakes (Swamp:4)
  7 sea snakes
  A shadow demon (Depths:2)
  9 swamp dragons
  51 deep trolls
  Pikel (D:4)
  26 deep elf archers
  5 lindwurms
  10 bog bodies
  19 ironbound convokers
  8 naga ritualists
  9 wizards
  12 orc knights
  5 harpies
  4 phantasmal warriors
  2 will-o-the-wisps
  19 mana vipers
  29 deep elf zephyrmancers
  5 necromancers
  6 orc sorcerers
  43 ugly things
  3 manticores
  31 deep elf pyromancers
  2 manticores (shapeshifter)
  11 elephants
  2 stone giant zombies (Vaults:1)
  Maurice (D:8)
  6 cyclopes
  19 salamanders
  A moth of wrath (shapeshifter) (Vaults:5)
  16 vault sentinels
  14 naga magi
  2 apocalypse crabs (WizLab)
  35 black mambas
  A titan simulacrum (Depths:2)
  7 moths of wrath (Zot:1)
  A torpor snail (Lair:5)
  An unseen horror (D:12)
  A gargoyle (D:10)
  9 guardian serpents
  An elf skeleton (Vaults:1)
  9 cane toads
  Psyche (D:8)
  An orange demon (Depths:2)
  2 kobold demonologists
  45 yaktaurs
  4 rime drakes
  A spark wasp simulacrum (Depths:2)
  12 komodo dragons
  3 tengu conjurers
  7 trolls
  2 freezing wraiths (Vaults:5)
  2 polar bears
  7 tyrant leeches
  13 hornets
  3 wind drakes
  3 bloated husks
  Prince Ribbit (D:9)
  7 blink frogs
  2 frost giant simulacra
  4 snapping turtles (Lair:5)
  7 dream sheep (Lair:5)
  17 slime creatures
  A centaur simulacrum (D:14)
  3 vampires
  A jumping spider (shapeshifter) (Depths:3)
  8 spriggans
  2 shadows
  10 water elementals
  11 air elementals
  A wraith (D:11)
  57 yaks
  Grum (D:9)
  6 basilisks
  5 fire elementals
  2 wyverns
  2 steam dragons
  4 redbacks (Vaults:5)
  3 vampire mosquitoes (Swamp:1)
  14 swamp worms
  42 nagas
  7 wargs
  A two-headed ogre zombie (D:9)
  A naga (shapeshifter) (Vaults:5)
  3 acid dragons
  15 water moccasins
  39 orc warriors
  5 swamp drakes
  2 sky beasts (D:7)
  3 black bears
  A black bear (shapeshifter) (Depths:1)
  6 ogres
  4 boggarts (D:14)
  16 wolves
  6 centaurs
  A phantom (D:9)
  2 kobold brigands
  2 lemures (D:4)
  5 scorpions
  14 bullfrogs
  2 gnoll sergeants
  A scorpion (shapeshifter) (Depths:1)
  3 wights (D:9)
  5 earth elementals
  3 killer bees (D:7)
  4 troll zombies (D:9)
  6 electric eels
  A howler monkey (D:6)
  3 gnoll boudas (D:5)
  4 hounds
  20 orc priests
  2 sleepcaps
  2 iguanas
  23 orc wizards
  3 ogre zombies (D:9)
  29 gnolls
  7 adders
  3 white imps
  3 ufetubi
  3 dart slugs
  81 orcs
  6 endoplasms
  8 giant cockroaches
  9 goblins
  5 hobgoblins
  13 jackals
  5 quokkas
  6 ball pythons
  3 bats
  5 frilled lizards
  A goblin skeleton (D:9)
  5 goblin zombies (D:9)
  3 hobgoblin skeletons (D:9)
  2 hobgoblin zombies (D:9)
  13 kobolds
  4 orc skeletons (D:9)
  10 orc zombies (D:9)
  6 rats
1878 creatures vanquished.

Vanquished Creatures (collateral kills)
  A juggernaut (Depths:1)
  Nikola (Swamp:1)
  Jorgrun (Snake:3)
  A sphinx (Depths:2)
  A death cob (Zot:1)
  A shadow dragon (Zot:1)
  A tengu reaver (Depths:1)
  A frost giant (Depths:2)
  2 vault wardens (Vaults:4)
  An ironbound preserver (Vaults:5)
  2 stone giants (Depths:1)
  An ironbound thunderhulk (Vaults:4)
  A red draconian (Depths:4)
  A dire elephant (Vaults:4)
  A deep elf death mage (Vaults:5)
  A great orb of eyes (Vaults:4)
  2 ettins
  A vault guard (Vaults:5)
  A spriggan air mage (WizLab)
  An ogre mage (Vaults:5)
  2 deep troll shamans (Depths:1)
  3 hell knights (Depths:1)
  A shock serpent (Snake:3)
  Sonja (D:11)
  2 deep elf knights (Elf:1)
  A salamander mystic (Snake:2)
  A death drake (WizLab)
  8 deep trolls
  A glowing orange brain (Depths:1)
  5 deep elf pyromancers (Elf:1)
  6 deep elf zephyrmancers (Elf:1)
  An ironbound convoker (Vaults:2)
  A necromancer (Depths:1)
  An orc knight (Vaults:2)
  A frost giant zombie (Depths:1)
  A stone giant zombie (Depths:1)
  3 black mambas
  An orange demon (Depths:2)
  An apocalypse crab (WizLab)
  A vault sentinel (Vaults:4)
  3 yaktaurs (Vaults:4)
  A komodo dragon (D:11)
  A ynoxinul (Depths:2)
  A fire elemental (Elf:1)
  A neqoxec (Depths:2)
  A scorpion (D:11)
  A lava snake (Snake:2)
74 creatures vanquished.

Vanquished Creatures (others)
  A spriggan air mage (Swamp:4)
  2 death drakes (WizLab)
  A deep elf pyromancer (Elf:1)
  3 bloated husks
  A wind drake (WizLab)
  A hornet (Swamp:4)
  A frost giant simulacrum (Depths:2)
  A swamp drake (Swamp:1)
  15 foxfires
  51 fungi
  115 plants
192 creatures vanquished.

Grand Total: 2144 creatures vanquished

Notes
Turn   | Place    | Note
-------+----------+-------------------------------------------
     0 | D:1      | Gartch the Minotaur Berserker began the quest for the Orb.
     0 | D:1      | Reached XP level 1. HP: 19/19 MP: 0/0
   259 | D:1      | Found a faded altar of an unknown god.
   337 | D:1      | Reached XP level 2. HP: 27/27 MP: 1/1
  1103 | D:2      | Reached XP level 3. HP: 33/33 MP: 2/2
  1317 | D:2      | Found a radiant altar of Vehumet.
  1656 | D:2      | Reached XP level 4. HP: 40/40 MP: 3/3
  2049 | D:3      | Reached ** piety under Trog
  2071 | D:3      | Reached skill level 5 in Axes
  2326 | D:3      | Found a glowing golden altar of the Shining One.
  2513 | D:3      | Found an opulent altar of Gozag.
  2719 | D:3      | Reached XP level 5. HP: 47/47 MP: 4/4
  2969 | D:3      | Found a blossoming altar of Fedhas.
  3336 | D:4      | Reached skill level 5 in Fighting
  3336 | D:4      | Reached XP level 6. HP: 56/56 MP: 5/5
  3469 | D:4      | Found an ancient bone altar of Kikubaaqudgha.
  3474 | D:4      | Identified the +8 spear "Dipn" {protect, SInv}
  3566 | D:4      | Found a snail-covered altar of Cheibriados.
  3720 | D:4      | Reached skill level 1 in Polearms
  3833 | D:4      | Reached skill level 2 in Polearms
  3900 | D:4      | Reached XP level 7. HP: 61/61 MP: 6/6
  4180 | D:4      | Found a sacrificial altar of Ru.
  4190 | D:4      | Noticed Pikel
  4208 | D:4      | Killed Pikel
  4209 | D:4      | Reached skill level 5 in Polearms
  4209 | D:4      | Reached skill level 5 in Armour
  4209 | D:4      | Reached skill level 5 in Dodging
  4209 | D:4      | Reached XP level 8. HP: 70/70 MP: 7/7
  4360 | D:5      | Entered Level 5 of the Dungeon
  4637 | D:5      | Found a bloodstained altar of Trog.
  4869 | D:5      | Reached skill level 6 in Polearms
  4887 | D:5      | Reached *** piety under Trog
  5298 | D:6      | Found a sparkling altar of Nemelex Xobeh.
  5369 | D:6      | Found a staircase to the Ecumenical Temple.
  5588 | D:6      | Reached skill level 7 in Polearms
  5616 | D:6      | Reached XP level 9. HP: 79/79 MP: 8/8
  5711 | D:6      | Found a hide-covered altar of Uskayaw.
  5970 | D:6      | Found a shimmering blue altar of Sif Muna.
  6278 | D:7      | Reached skill level 8 in Polearms
  6487 | D:7      | Found a hazy altar of Hepliaklqana.
  6612 | D:7      | Found a stormy altar of Qazlal.
  6647 | D:7      | Reached **** piety under Trog
  7056 | D:7      | Found a glowing silver altar of Zin.
  7082 | D:8      | Noticed Maurice
  7410 | D:8      | Killed Maurice
  7411 | D:8      | Reached skill level 9 in Polearms
  7771 | D:8      | Found an ornate altar of the Wu Jian Council.
  7961 | D:8      | Noticed Psyche
  7970 | D:8      | Killed Psyche
  7971 | D:8      | Reached XP level 10. HP: 90/90 MP: 9/9
  8066 | D:9      | Noticed Grum
  8080 | D:9      | Killed Grum
  8081 | D:9      | Reached skill level 10 in Polearms
  8259 | D:9      | Noticed Prince Ribbit
  8264 | D:9      | Killed Prince Ribbit
  8474 | D:9      | Reached skill level 11 in Polearms
  8590 | D:9      | Reached ***** piety under Trog
  8654 | D:9      | Found a staircase to the Orcish Mines.
  9239 | D:10     | Entered Level 10 of the Dungeon
  9262 | D:10     | Noticed Erica
  9274 | D:10     | Killed Erica
  9275 | D:10     | Reached XP level 11. HP: 99/99 MP: 10/10
  9323 | D:10     | Found a transporter.
  9428 | D:10     | Reached skill level 10 in Fighting
  9429 | D:10     | Noticed a sixfirhy
  9434 | D:10     | Reached skill level 12 in Polearms
  9732 | D:10     | Found a transporter.
  9733 | D:10     | Noticed a boulder beetle
 10195 | D:11     | Noticed Sonja
 10329 | D:11     | Reached skill level 10 in Armour
 10367 | D:11     | Killed Sonja
 10370 | D:11     | Reached skill level 13 in Polearms
 10419 | D:11     | Found a staircase to the Lair.
 10429 | Lair:1   | Entered Level 1 of the Lair of Beasts
 11529 | Lair:2   | Reached skill level 10 in Dodging
 11641 | Lair:2   | Noticed a catoblepas
 11657 | Lair:2   | Killed a catoblepas
 11658 | Lair:2   | Reached skill level 14 in Polearms
 11658 | Lair:2   | Reached XP level 12. HP: 110/110 MP: 11/11
 11783 | Lair:2   | Received a gift from Trog
 11865 | Lair:2   | Noticed a boulder beetle
 11917 | Lair:2   | Killed a boulder beetle
 12178 | Lair:2   | Found a staircase to the Snake Pit.
 12797 | Lair:3   | Reached skill level 15 in Polearms
 13218 | Lair:3   | Found a staircase to the Swamp.
 13237 | Lair:3   | Noticed a seven-headed hydra
 13239 | Lair:3   | Noticed a seven-headed hydra
 13245 | Lair:3   | Killed a four-headed hydra
 13246 | Lair:3   | Killed a six-headed hydra
 13909 | Lair:4   | Noticed a death yak
 13910 | Lair:4   | Noticed a death yak
 13915 | Lair:4   | Noticed a death yak
 13949 | Lair:4   | Killed a death yak
 13965 | Lair:4   | Killed a death yak
 14116 | Lair:3   | Reached XP level 13. HP: 98/119 MP: 9/12
 14309 | Lair:4   | Reached skill level 16 in Polearms
 15584 | Lair:5   | Entered Level 5 of the Lair of Beasts
 15737 | Lair:5   | Reached skill level 17 in Polearms
 16036 | Lair:5   | Found a staircase to the Slime Pits.
 16438 | Lair:5   | Reached XP level 14. HP: 130/130 MP: 13/13
 17273 | D:9      | Received a gift from Trog
 17431 | Orc:1    | Entered Level 1 of the Orcish Mines
 17569 | Orc:1    | Reached skill level 18 in Polearms
 17669 | Orc:2    | Entered Level 2 of the Orcish Mines
 17676 | Orc:2    | Found a staircase to the Elven Halls.
 18637 | Orc:2    | Reached ****** piety under Trog
 19134 | Orc:2    | Found Seixiem's Weapon Boutique.
 19156 | Orc:2    | Found Namoibbe's Antique Armour Shoppe.
 19162 | Orc:2    | Found Laez's Weapon Shoppe.
 19196 | Orc:2    | Found Nebel's Antique Armour Boutique.
 19685 | Orc:1    | Found Sodik's Jewellery Boutique.
 19702 | Orc:1    | Bought the amulet of Vitality {RegenMP++ Regen++} for 1200
                  | gold pieces
 19702 | Orc:1    | Found the amulet of Vitality {RegenMP++ Regen++}
 20296 | D:11     | Received a gift from Trog
 20370 | D:12     | Identified the +4 scale mail "Xuxis" {Harm rC++ Regen+
                  | Int+2}
 20554 | D:12     | Found a portal to a secret trove of treasure.
 20640 | D:12     | Reached skill level 19 in Polearms
 21892 | D:14     | Reached XP level 15. HP: 98/139 MP: 14/14
 21933 | D:14     | Reached skill level 15 in Fighting
 21993 | D:14     | Found a gate to the Vaults.
 22147 | D:14     | Received a gift from Trog
 23041 | D:15     | Entered Level 15 of the Dungeon
 23213 | D:15     | Found a staircase to the Depths.
 23402 | D:15     | Reached skill level 15 in Armour
 23429 | D:15     | Reached skill level 20 in Polearms
 23914 | D:15     | Identified a scroll of acquirement
 24805 | Swamp:1  | Entered Level 1 of the Swamp
 25169 | Swamp:1  | Noticed Nikola
 25210 | Swamp:1  | Killed Nikola
 25335 | Snake:1  | Entered Level 1 of the Snake Pit
 25413 | Snake:1  | Acquired the ring "Dyunlaa" {rPois EV+5 Int+5}
 25510 | Snake:1  | Reached XP level 16. HP: 148/151 MP: 8/15
 25577 | Snake:1  | Reached skill level 21 in Polearms
 26613 | Snake:1  | Found Plog's Book Boutique.
 26613 | Snake:1  | Found Hyanaoz's Jewellery Emporium.
 26614 | Snake:1  | Found Yqejutugh's Book Boutique.
 26938 | Snake:2  | Reached skill level 15 in Dodging
 27070 | Snake:2  | Received a gift from Trog
 27669 | Snake:2  | Reached skill level 22 in Polearms
 28123 | Snake:3  | Found Ceuq's Weapon Boutique.
 28413 | Snake:3  | Noticed Jorgrun
 28613 | Snake:3  | Identified the +1 falchion "Noxec" {freeze, rPois rF- rC+}
 28894 | Snake:3  | Reached XP level 17. HP: 136/161 MP: 16/16
 29266 | Snake:3  | Received a gift from Trog
 29278 | Snake:3  | Identified the +4 scale mail of the Arcane {rElec}
 29793 | Snake:3  | Killed Jorgrun
 29922 | Snake:4  | Entered Level 4 of the Snake Pit
 30021 | Snake:4  | Found a radiant altar of Vehumet.
 30626 | Snake:4  | Noticed Aizul
 30666 | Snake:4  | Killed Aizul
 31126 | Swamp:1  | Reached skill level 23 in Polearms
 32039 | Swamp:3  | Noticed Mlioglotl
 32053 | Swamp:3  | Killed Mlioglotl
 33286 | Snake:4  | Received a gift from Trog
 34178 | Snake:4  | Reached XP level 18. HP: 172/172 MP: 17/17
 34301 | Snake:4  | Reached skill level 24 in Polearms
 34371 | Snake:4  | Got a serpentine rune of Zot
 34609 | Swamp:4  | Entered Level 4 of the Swamp
 34879 | Swamp:4  | Found a transporter.
 34881 | Swamp:4  | Noticed xelsha's ghost (adept HOAE)
 34883 | Swamp:4  | Found a transporter.
 35838 | Swamp:4  | Received a gift from Trog
 36200 | Swamp:4  | Got a decaying rune of Zot
 36360 | Lair:1   | Acquired the +19 crystal plate armour of Ugibleh {Contam
                  | Will+ Stlth+}
 36514 | Vaults:1 | Entered Level 1 of the Vaults
 36807 | Vaults:1 | Reached skill level 1 in Evocations
 37255 | Vaults:1 | Found Geboet's Antique Armour Shop.
 37293 | Vaults:1 | Bought a runed cloak for 285 gold pieces
 37766 | Vaults:1 | Paralysed by a floating eye for 4 turns
 38498 | Vaults:1 | Reached skill level 25 in Polearms
 38909 | Vaults:2 | Reached XP level 19. HP: 182/182 MP: 6/18
 38979 | Vaults:2 | Noticed Frederick
 38998 | Vaults:2 | Killed Frederick
 39593 | Vaults:2 | Noticed Mara
 39737 | Vaults:2 | Received a gift from Trog
 39979 | Vaults:2 | Killed Mara
 40357 | Vaults:2 | Found a staircase to the Crypt.
 40357 | Vaults:2 | Found an ancient bone altar of Kikubaaqudgha.
 40358 | Vaults:2 | Found a basalt altar of Yredelemnul.
 40531 | Vaults:2 | Found Wiclo's Weapon Shoppe.
 40984 | Vaults:3 | Received a gift from Trog
 41025 | Vaults:3 | Reached skill level 5 in Evocations
 41348 | Vaults:3 | Noticed Asterion
 41368 | Vaults:3 | Killed Asterion
 41693 | Vaults:3 | Identified the ring of Balance {rElec rPois rC- Int+3}
 42045 | Orc:1    | Bought a ring of protection from cold for 300 gold pieces
 43068 | Vaults:3 | Reached XP level 20. HP: 186/187 MP: 6/19
 43310 | Vaults:3 | Found the +7 captain's cutlass {speed, disarm}
 43584 | Vaults:4 | Received a gift from Trog
 43611 | Vaults:4 | Reached skill level 26 in Polearms
 45474 | Depths:1 | Entered Level 1 of the Depths
 45669 | Elf:1    | Entered Level 1 of the Elven Halls
 45689 | Elf:1    | Received a gift from Trog
 46179 | Elf:1    | Identified the +1 robe of Articulation {Str+4}
 46240 | Elf:1    | Identified the +2 scimitar of a Labyrinth {freeze, rC+++
                  | Will+ rCorr Str-3}
 46928 | Elf:1    | Received a gift from Trog
 47643 | Depths:1 | Reached XP level 21. HP: 204/204 MP: 20/20
 47745 | Depths:1 | Found a gateway to Hell.
 47796 | Depths:1 | Found Moedioh's Jewellery Emporium.
 47800 | Depths:1 | Found Duha Xya's Jewellery Boutique.
 47800 | Depths:1 | Found Fufol's Magic Scroll Shop.
 47873 | Depths:1 | Bought the ring "Emyn" {Fly rC+ rCorr Int+2} for 570 gold
                  | pieces
 48187 | Depths:1 | Found a white marble altar of Elyvilon.
 48824 | Depths:1 | Received a gift from Trog
 48919 | Depths:1 | Noticed a juggernaut
 48988 | Depths:1 | Killed a juggernaut
 49625 | Depths:2 | Identified the ring of the Sun {Ice Slay+3 Stlth+}
 49625 | Depths:2 | Noticed Josephina
 49892 | Depths:2 | Found a one-way gateway to a ziggurat.
 50174 | Depths:2 | Reached skill level 27 in Polearms
 50319 | Depths:2 | Killed Josephina
 50505 | Depths:2 | Noticed Louise
 50521 | Depths:1 | Killed Louise
 50552 | Depths:2 | Found a one-way gate to the infinite horrors of the Abyss.
 50933 | Depths:2 | Noticed a golden dragon
 51474 | Elf:2    | Found Koll's Antique Armour Emporium.
 51528 | Elf:2    | Found a runed translucent gate.
 51529 | Elf:2    | Found a runed translucent gate.
 51529 | Elf:2    | Found a runed translucent gate.
 52261 | Elf:2    | Noticed Donald
 52278 | Elf:2    | Killed Donald
 52400 | Elf:2    | Reached XP level 22. HP: 182/215 MP: 21/21
 52700 | Elf:3    | Entered Level 3 of the Elven Halls
 52780 | Elf:3    | Reached skill level 10 in Evocations
 52901 | Elf:3    | Paralysed by an air elemental for 1 turns
 53254 | Elf:3    | Received a gift from Trog
 54647 | Elf:3    | Identified the +4 dagger "Newt's Death Toll" {flame,
                  | Will++}
 54821 | Elf:3    | Identified the staff of fire "Eweqonag" {rF+ Will+}
 54826 | Elf:3    | Identified the staff of poison "Rohyrija" {rPois MP+9
                  | Str+3}
 55303 | Depths:2 | Found a one-way gate leading to the halls of Pandemonium.
 55440 | Depths:2 | Killed a golden dragon
 55542 | Depths:2 | Received a gift from Trog
 55609 | Depths:2 | Identified the +7 halberd of Infinite Pain {spect, Fly rF-
                  | rC+++ rN+}
 55781 | Depths:2 | Identified the +2 pair of gloves of Jykod {*Corrode Slay+5
                  | Stlth+}
 56014 | Depths:3 | Found a transporter.
 56043 | Depths:3 | Found Ozao's Jewellery Shop.
 56136 | Depths:1 | Bought the ring "Bosyq" {rElec MP+9 Str+6} for 895 gold
                  | pieces
 56422 | Depths:3 | Found a transporter.
 56457 | Depths:3 | Found a magical portal.
 56471 | WizLab   | Entered The Chambers of the Cloud Mage
 56501 | WizLab   | Identified the +7 glaive of Extermination {heavy, rPois rC+
                  | Int-3 SInv} (Trog gifted it to you in a wizard's
                  | laboratory)
 56501 | WizLab   | Received a gift from Trog
 56508 | WizLab   | Paralysed by an air elemental for 1 turns
 56546 | WizLab   | Paralysed by an air elemental for 1 turns
 56609 | WizLab   | Paralysed by an air elemental for 1 turns
 56740 | WizLab   | Paralysed by an air elemental for 1 turns
 56950 | WizLab   | Paralysed by an air elemental for 1 turns
 57085 | WizLab   | Identified the staff of air "Xidyk" {rElec rC+ rN+ Dex+2}
 57085 | WizLab   | Noticed Ockime
 57107 | WizLab   | Killed Ockime the Cloud Mage
 57150 | WizLab   | Identified the ring "Lohieh" {Fly rCorr}
 57487 | Depths:3 | Reached XP level 23. HP: 224/227 MP: 10/22
 58409 | Depths:4 | Entered Level 4 of the Depths
 58531 | Depths:4 | Received a gift from Trog
 58769 | Depths:4 | Found a gate to the Realm of Zot.
 58854 | Depths:4 | Found a runed translucent gate.
 58854 | Depths:4 | Found a runed translucent gate.
 58854 | Depths:4 | Found a runed translucent gate.
 59100 | Depths:1 | Bought a scroll of enchant weapon for 90 gold pieces
 59982 | Depths:4 | Identified the +4 scimitar of the Pariah {heavy, *Noise
                  | rPois rC++ Stlth+}
 60868 | Swamp:4  | Killed xelsha's ghost
 61274 | Vaults:5 | Entered Level 5 of the Vaults
 61301 | Vaults:5 | Noticed a dread lich
 61541 | Vaults:5 | Noticed a juggernaut
 61549 | Vaults:5 | a juggernaut changed into a rockslime
 61592 | Vaults:5 | Identified the amulet of Vassyqat {Acrobat Fragile rN+
                  | Regen+ rCorr}
 61659 | Vaults:5 | Identified the +0 leather armour of the Big Bang {rN++
                  | Stlth+}
 61881 | Vaults:5 | Identified the staff of death "Soneigg" {rN+ Will++ Str+6}
 61901 | Vaults:5 | Identified the ring "Micwiala" {MP-9 EV+5 Str+2 Int+3}
 61942 | Vaults:5 | Identified the +2 dagger of the Dwarven Hall {distort,
                  | Fragile rElec rPois rF+++}
 62281 | Vaults:5 | Reached XP level 24. HP: 203/219 MP: 10/22
 62302 | Vaults:5 | Killed a dread lich
 62541 | Vaults:5 | Got a silver rune of Zot
 62885 | Vaults:5 | Acquired a manual of Axes
 63942 | Depths:4 | Found a runed translucent gate.
 63942 | Depths:4 | Found a runed translucent gate.
 63951 | Depths:4 | Noticed Gaezyank's ghost (master GrEE)
 63953 | Depths:4 | Found a runed translucent gate.
 64258 | Orc:1    | Bought the ring of Utuvol Gomo {*Corrode *Slow rPois rF+++
                  | MP+9 Str+2} for 710 gold pieces
 64513 | Depths:1 | Bought a scroll of fog for 48 gold pieces
 64513 | Depths:1 | Bought a scroll of fog for 48 gold pieces
 64590 | Zot:1    | Entered Level 1 of the Realm of Zot
 64686 | Zot:1    | HP: 11/243 [death cob (10)]
 64687 | Zot:1    | HP: 2/364 [death drake[a purple draconian shifter] (6)]
 64687 | Zot:1    | Annihilated by a golden dragon

Illustrated notes

Levels and vault maps discovered:
D:1:      enne_arrival_octagon_isle, layout_basic,
          hellmonk_ecumenical_altar_arch_garden, corexii_hall_statues_deadend
D:2:      minmay_spotlight, layout_basic, basic_altar
D:3:      minmay_chambers_of_threes, layout_basic, nicolae_gozag_seed_capital,
          tso_metal_star, fedhas_altar_4
D:4:      layout_layer_cave, nicolae_ru_path_of_blood,
          mainiacjoe_overflow_paths, mainiacjoe_overflow_catwalk,
          minmay_misc_feat_doors, nicolae_concentric_dashed_squares_mild,
          uniq_pikel, uniq_crazy_yiuf_cottage
D:5:      layout_basic, bloody_trog, hangedman_decor_opposing
D:6:      layout_rooms, mainiacjoe_overflow_tiny_flanked,
          mainiacjoe_overflow_six_doors_small, lemuel_coloured_pillars_altar,
          temple_doors_e, interstate_on_off
D:7:      layout_gridville, nicolae_hepliaklqana_hazy_memory,
          kennysheep_mini_moat, nicolae_qazlal_style_of_elements
D:8:      layout_cave_pods, nzn_wu_jian_council_hall, uniq_psyche, uniq_maurice
D:9:      layout_loops_corners, zombieorc2_lemuel, uniq_prince_ribbit1,
          uniq_grum
D:10:     gammafunk_boulding_lane, layout_irregular_city, uniq_erica
D:11:     layout_roguey, grunt_lair_entry_orc_guard_hut, uniq_sonja
D:12:     layout_basic, enter_trove_2
D:13:     layout_basic, minmay_crystal_water
D:14:     layout_loops_ring, erik_vaults_2, chequers_arboretum
D:15:     grunt_enter_depths_snipers, layout_basic
Lair:1:   layout_cave_shapes
Lair:2:   layout_loops_ring, guppyfry_snake_entry_garden, grunt_megastairs_3
Lair:3:   layout_misc_corridors, skrybe_swamp_entry_bodies,
          serial_bayou_shore_a, lemuel_fruit_fields, infiniplex_staircase_pool_2
Lair:4:   layout_roguey, nicolae_quartered_pool_super, nicolae_lair_lil_pond,
          pdpol_lair_cavern_descent, grunt_megastairs_4,
          infiniplex_staircase_pool
Lair:5:   gammafunk_lair_ancient_temple, layout_loops_ring, slime_entry_1,
          st_stairs_11, chequers_serial_rivers_micro_d
Swamp:1:  layout_falls_marsh, nicolae_swamp_little_tower, uniq_nikola
Swamp:2:  layout_falls_marsh, evilmike_swamp_ruin_house_4
Swamp:3:  layout_falls_marsh, serial_swamp_ruin, evilmike_swamp_ruin_house_1,
          evilmike_swamp_ruin_rubble_2, swamp_pool2, uniq_mlioglotl
Swamp:4:  swamp_basic_johnstein, layout_basic_swamp, gammafunk_ghost_arena
Snake:1:  layout_rooms, serial_bayou_lake_a, minmay_shop_grove,
          grunt_megastairs_5
Snake:2:  layout_cave_pods, drop_trap, nicolae_snake_shapes
Snake:3:  layout_layer_cave, serial_shops, nicolae_shop_rolling_square,
          nicolae_snake_omega, uniq_jorgrun
Snake:4:  snake_pit_salamanders_mu, layout_cave_town, basic_altar, uniq_aizul
Orc:1:    layout_diamond_mine, serial_shops, shop
Orc:2:    st_orc_elflike, layout_caves, basic_altar, lemuel_statue_altar
Elf:1:    minmay_elf_arrival_plus, layout_onion_city, evilmike_minifort
Elf:2:    nicolae_elf_blades_crystal_corner, layout_rooms, serial_shops, shop,
          uniq_donald
Elf:3:    minmay_elf_hall_dome, layout_onion_city
Vaults:1: nicolae_vaults_little_squares_1, nicolae_vaults_branching_niches,
          nicolae_vaults_tetromino_L_2, nicolae_vaults_door_testing_chamber,
          vaults_room_fours, vaults_room_fours, nicolae_vaults_sesquioval_fish,
          nicolae_vaults_trapezoid_lopsided_1, layout_vaults_omnigrid,
          serial_shops, shop
Vaults:2: vaults_room_semicircle, nicolae_vaults_twisting_passages,
          vaults_room_semicircle, dpeg_vaults_monster_row,
          minmay_crypt_entry_necro_gods, vaults_room_stairs_pillars,
          vaults_room_door_ring, v_pattern_1, nicolae_vaults_little_squares_2,
          vaults_dpeg_hooks, grunt_vaults_diagonal, nicolae_vaults_big_ls,
          nicolae_vaults_trapezoid_lopsided_2, v_misc_19, special_room_vaults
          [special_room_orc], layout_vaults_omnicross, serial_shops,
          nicolae_shop_tiny_glass, uniq_mara, uniq_frederick
Vaults:3: nicolae_vaults_apartment_2, vaults_room_semicircle,
          grunt_vaults_hallway_short, nicolae_vaults_closet_pinwheel_4,
          nicolae_vaults_tetromino_T_2, nicolae_vaults_tetromino_T_2,
          nicolae_vaults_little_squares_6, ontoclasm_vaults_tryst,
          st_hourglassy, nicolae_vaults_trapezoid_lopsided_4,
          nicolae_vaults_border_crossing, ontoclasm_vaults_idyll,
          nicolae_vaults_little_squares_6, layout_vaults_ring, uniq_asterion
Vaults:4: vaults_room_door_hall, nicolae_vaults_mitosis,
          nicolae_vaults_gold_heap, nicolae_vaults_little_squares_6,
          nicolae_vaults_stepped_doors, vaults_mumra_minichess,
          nicolae_vaults_an_arrangement, nicolae_vaults_trapezoid_3,
          nicolae_vaults_angled_halls, vaults_room_grunt_arrival_checkpoint,
          hangedman_vaults_stagger, nicolae_vaults_apartment_1,
          vaults_room_pool, layout_vaults_maze
Vaults:5
Depths:1: evilmike_diamond_2, layout_cave_shapes, elyvilon_altar_3,
          hangedman_coc_ice_floe, minmay_misc_feat_rugged,
          nicolae_wooded_promenade
Depths:2: lemuel_traditional_vault, layout_cave_pools, ziggurat_fallback,
          serial_sigils_hangedman_etch, nicolae_abyss_entry_one_way_or_another,
          hell_entry, rand_demon_pan_entry_9, grunt_ministairs_7, uniq_josephina
Depths:3: gammafunk_corrupted_shrine, layout_gridville, serial_co_window_serial,
          co_window_paths_a, co_window_paths_a, co_window_paths_a,
          co_window_paths_b, co_window_paths_a, co_window_corner_a,
          co_window_corner_b, co_window_2corner, co_window_of_opportunity_b,
          co_window_4corner_b, co_window_paths_e, glass_columns_a,
          glass_columns_a, glass_columns_b, glass_columns_b, glass_columns_a,
          mu_enter_wizlab_5, serial_shops, nicolae_shop_back_alley_shop,
          abyss_entry_crystal, hangedman_tar_grid_catacomb
Depths:4: grunt_zot_entry_funnels, layout_gridlike, abyss_entry,
          minmay_misc_feat_enclosed,
          ploomutoo_gammafunk_ghost_potion_laboratory, grunt_mini_vestibule
Zot:1:    layout_misc_corridors, zot_minivault_1

Skill      XL: |  1  2  3  4  5  6  7  8  9 10 11 12 13 14 15 16 17 18 19 20 21 22 23 24 |
---------------+-------------------------------------------------------------------------+-----
Axes           | 4 5 6 |  6.1
Fighting       | 4 5 6 7 8 9 11 12 13 14 16 17 18 19 20 21 22 23 24 25 | 25.5
Dodging        | 3 4 5 6 7 8 10 11 12 13 14 15 16 17 18 19 20 21 22 23 | 23.5
Armour         | 3 4 5 6 7 9 10 12 13 14 15 16 17 18 19 20 21 22 24 25 | 25.2
Polearms       | 2 5 7 9 11 14 15 17 19 20 22 23 25 26 27 | 27.0
Evocations     | 3 5 8 9 11 12 | 12.7

Action                     |  1- 3 |  4- 6 |  7- 9 | 10-12 | 13-15 | 16-18 | 19-21 | 22-24 || total
---------------------------+-------+-------+-------+-------+-------+-------+-------+-------++-------
  Melee: Hand axe          |   102 |   103 |       |       |       |       |       |       ||   205
         Headbutt          |    10 |    16 |    26 |   113 |   433 |   489 |   615 |   372 ||  2074
         Punch             |       |     2 |     4 |     9 |    27 |    18 |    29 |     2 ||    91
         Spear             |       |    32 |   295 |   732 |  1727 |  2153 |  1723 |   146 ||  6808
         Glaive            |       |       |       |     7 |    14 |   169 |   320 |    22 ||   532
         Bardiche          |       |       |       |       |       |       |   349 |  1399 ||  1748
 Invoke: Berserk           |     2 |     2 |     1 |     3 |     5 |    17 |     6 |     5 ||    41
         Trog's Hand       |       |       |     3 |     3 |     6 |    11 |    20 |    34 ||    77
         Brothers in Arms  |       |       |       |     1 |     2 |     6 |    14 |    15 ||    38
    Use: Scroll            |     3 |     1 |     4 |     8 |    10 |    12 |     7 |    24 ||    69
         Potion            |       |       |       |     2 |       |     3 |     9 |    14 ||    28
   Stab: Distracted        |       |       |       |       |       |     3 |     3 |     2 ||     8
         Confused          |       |       |       |       |       |       |       |     1 ||     1
 Armour: Animal skin       |    19 |       |       |       |       |       |       |       ||    19
         Chain mail        |    10 |    45 |    47 |       |       |       |       |       ||   102
         Plate armour      |       |       |     3 |   157 |   464 |   176 |       |       ||   800
         Scale mail        |       |       |       |       |       |   258 |       |       ||   258
         Skin              |       |       |       |       |       |    27 |       |       ||    27
         Crystal plate arm |       |       |       |       |       |   151 |  1070 |  1209 ||  2430
  Dodge: Dodged            |    44 |    40 |    64 |   126 |   459 |   887 |   801 |   835 ||  3256
         Repelled          |       |       |       |       |       |       |       |     2 ||     2
  Block: Tower shield      |       |       |       |     1 |       |   205 |       |       ||   206
